 Dungeon Crawl Stone Soup version 0.29-a0-320-g9f8742066b (webtiles) character file.

Game seed: 4857989869558656429

2 spaghetti the Sneak (level 1, -1/11 HPs)
             Began as a Vine Stalker Delver on Apr 2, 2022.
             Slain by an orc wizard
             ... wielding a +0 dagger
              (2 damage)
             ... on level 5 of the Dungeon.
             The game lasted 00:00:24 (123 turns).

spaghetti the Sneak (Vine Stalker Delver)            Turns: 123, Time: 00:00:25

Health: -1/11      AC:  3    Str: 14    XL:     1   Next: 30%
Magic:  0/2        EV: 11    Int: 10    God:
Gold:   6          SH:  0    Dex: 15    Spells: 0/0 levels left

rFire   . . .      SeeInvis .     - Unarmed
rCold   . . .      Faith    .   (no shield)
rNeg    . . .      Spirit   +   a - +0 leather armour
rPois   .          Reflect  .   (no helmet)
rElec   .          Harm     .   (no cloak)
rCorr   .          Rampage  .   (no gloves)
Will    .....                   (no boots)
Stlth   +.........              (no amulet)
HPRegen 0.03/turn               (no ring)
MPRegen 0.08/turn               (no ring)

@: confused
A: fangs 2, magic shield, antimagic bite, no potion heal 2
a: no special abilities


You were on level 5 of the Dungeon.
You visited 1 branch of the dungeon, and saw 2 of its levels.

You collected 6 gold pieces.


Innate Abilities, Weirdness & Mutations

You have extremely sharp teeth.
When hurt, damage is shared between your health and your magic reserves.
Your bite disrupts and absorbs the magic of your enemies.
Potions cannot restore your health.


   Skills:
 - Level 2.6 Fighting
 - Level 1.5 Dodging
 - Level 6.0 Stealth
 + Level 2.2 Unarmed Combat


You couldn't memorise any spells.
You didn't know any spells.
Your spell library was empty.

Inventory:

Missiles
 h - 4 boomerangs (quivered) {throwing}
Armour
 a - a +0 leather armour (worn)
Wands
 f - a wand of digging (3)
Scrolls
 b - a scroll of fog
 c - a scroll of magic mapping {!r}
 d - a scroll of fear
 i - a scroll of enchant armour {unknown}
Potions
 e - a potion of haste {@q3}

Dungeon Overview and Level Annotations

Branches:
Dungeon (5/15)
 Temple: D:4-7

Altars:

#.# .....# o.### ####.#
#...... .... #....####...^.##
..# #<.........#.... ...
#..........#.... S#.#######
#...###......######.##........
#.....##.#........o.##......#
#...............o#####.#
##..####.......{@#####.#
#.....................#
##.##.#....###+#####..#
#.#..#....#..........#
#.#.##....#.#.#......#
###.#.............###..#
....#...........#.# #.##
#......#..#.#...#.# #.#
###.#..#..........# #.#


You could see an orc wizard.


Message History

🤖 Initializing magus.rc ...
Options error: Delay interrupt name "hungry" not recognised. (~/.crawlrc:4761) Options error: Bad monster_list_colour key: strict_neutral (~/.crawlrc:4776) ✅ Successfully initialized magus.rc [v1.9.6] Welcome, spaghetti the Vine Stalker Delver.
Will you be the one to retrieve the astounding Orb of Zot from the depths?
Press ? for a list of commands and other information.
Found an escape hatch in the ceiling.
Found a stone staircase leading down and a stone staircase leading up.
(D) Dungeon
Where to? (? - help)
There is a stone staircase leading up here.
You climb upwards.
There is a stone staircase leading down here.
Found a stone staircase leading down.
You now have 6 gold pieces.
A giant cockroach comes into view.
There is a stone staircase leading down here.
You climb downwards.
There is a stone staircase leading up here.
Key pressed, stopping explore.
g - a purple potion
h - 4 boomerangs {throwing}
i - a scroll labelled JAUBEO CIAFOEV An orc wizard comes into view.
It is wielding a +0 dagger.
(D) Dungeon
Where to? (Enter - D:4, ? - help)
An orc comes into view. It is wielding a +0 club.
The orc shouts!
You hear a shout! x3
You hear a shout!
You hear an angry hiss.
The orc closely misses you.
You barely miss the orc. Your bite misses the orc.
The orc hits you with a +0 club. 😕 HP[-1]
You take 1 damage, and now have 10/11 hp.
You completely miss the orc. You bite the orc, but do no damage.
The orc hits you with a +0 club. 😕 HP[-1]
You take 1 damage, and now have 9/11 hp.
You hit the orc. The orc closely misses you.
You hit the orc but do no damage. You bite the orc.
You kill the orc!
An orc wizard comes into view. It is wielding a +0 dagger.
The orc wizard gestures at you while chanting.
You are confused.
The orc wizard shouts!
Unknown command.
Unknown command.
It was a potion of heal wounds.
That seemed strangely inert.
Unknown command.
You bump into the rock wall.
An adder comes into view.
Unknown command.
You bump into the rock wall.
The orc wizard casts a spell at you.
You are more confused.
An orc comes into view. It is wielding a +0 hand axe.
Unknown command.
The orc wizard attacks as you move away!
The orc wizard hits you with a +0 dagger.
The orc wizard gestures wildly while chanting.
The orc wizard flickers and vanishes!
Deactivating autopickup; reactivate with Ctrl-A. 😮 HP[-1]
You take 1 damage, and now have 8/11 hp.
Unknown command.
The orc shouts!
Something hits you. 😮 HP[-2] MP[-1]
You take 2 damage, and now have 6/11 hp.
You lost 1 mp, and now have 1/2 mp.
Something hits you.
* * * LOW HITPOINT WARNING * * *
The orc wizard points at you and mumbles some strange words.
The puff of flame hits something! 😨 HP[-1]
You take 1 damage, and now have 5/11 hp.
Unknown command.
Something hits you but does no damage. Something hits you.
* * * LOW HITPOINT WARNING * * *
😱 HP[-4]
You take 4 damage, and now have 1/11 hp.
MASSIVE DAMAGE!! (PAUSE)
You are too confused!
The orc wizard barely misses you. Something hits you.
You die...

Action                   || total
-------------------------++-------
Melee: Unarmed           ||     4
       Bite              ||     2
  Use: Potion            ||     1
Armor: Leather armour    ||     1
Dodge: Dodged            ||     3

Levels and vault maps discovered:
D:4:      layout_basic, minmay_ruptured
D:5:      layout_basic, minmay_temple_entry_glassed_door, minmay_manual_mess,
          uniq_eustachio

Notes
Turn   | Place    | Note
-------+----------+-------------------------------------------
     0 | D:5      | spaghetti the Vine Stalker Delver began the quest for the
                  | Orb.
     0 | D:5      | Reached XP level 1. HP: 11/11 MP: 2/2
     0 | D:5      | magus.rc [v1.9.6]
    97 | D:5      | Noticed an orc wizard
   111 | D:5      | Noticed an orc wizard
   122 | D:5      | HP: 1/11 [something (4)]
   123 | D:5      | Slain by an orc wizard

Vanquished Creatures
  An orc (D:5)
1 creature vanquished.

Table legend:
 A = Non-vault XP
 B = Vault XP
 C = Vault XP percentage of total XP
 D = Non-vault monster count
 E = Vault monster count
 F = Vault count percentage of total count
                 A         B        C        D         E       F
            +---------+---------+-------+---------+---------+-------
      Total |       3 |       0 |   0.0 |       1 |       0 |   0.0
            +---------+---------+-------+---------+---------+-------
        D:5 |       3 |       0 |   0.0 |       1 |       0 |   0.0
            +---------+---------+-------+---------+---------+-------

Illustrated notes

Table legend:
 A = Kills in this place as a percentage of kills in entire the game.
 B = Kills by you in this place as a percentage of kills by you in the entire game.
 C = Kills by friends in this place as a percentage of kills by friends in the entire game.
 D = Other kills in this place as a percentage of other kills in the entire game.
 E = Experience gained in this place as a percentage of experience gained in the entire game.
 F = Experience gained in this place divided by the number of levels of this place that you have seen.
                   A       B       C       D       E      F
               +-------+-------+-------+-------+-------+----------------------
         Total | 100.0 | 100.0 |   N/A |   N/A | 100.0 |   1.5
       Dungeon | 100.0 | 100.0 |   N/A |   N/A | 100.0 |   1.5
               +-------+-------+-------+-------+-------+----------------------

Table legend: (Time is in decaauts)
 A = Elapsed time spent in this place.
 B = Non-inter-level travel time spent in this place.
 C = Inter-level travel time spent in this place.
 D = Time resting spent in this place.
 E = Time spent auto-exploring this place.
 F = Levels seen in this place.
 G = Mean time per level.
                   A        B        C        D        E       F      G
               +--------+--------+--------+--------+--------+-----+--------+
         Total |    123 |    112 |     11 |      0 |     79 |   2 |   61.5 |
       Dungeon |    123 |    112 |     11 |      0 |     79 |   2 |   61.5 |
               +--------+--------+--------+--------+--------+-----+--------+

Top non-repeatable levels by time:
     D:5: 101 daAuts
     D:4: 21 daAuts
